Cogmind - Beta 12 *** ADVENTURER MODE // 2023.04.28 @ 06:25:46 Player: kraphead Result: Self-destructed Performance ------------- Evolutions (6) 3000 Regions Visited (8) 1600 Robots Destroyed (43) 215 Value Destroyed (1239) 1239 Prototype IDs (1) 20 Alien Tech Used (0) 0 Bonus (200) 200 TOTAL SCORE: 6274 Bonus ------- Pacifist 200 Cogmind --------- Core Integrity 970/1150 Matter 247/300 Energy 2/100 System Corruption 0% Temperature Cool (54) Movement Hovering (70) Location -4/Factory Parts ------- > --- POWER (3) -------- (None) > --- PROPULSION (4) --- Gyrokinetic Inverter Gyrokinetic Inverter > --- UTILITY (9) ------ (None) > --- WEAPON (3) ------- Heavy Phase Cannon > --- INVENTORY (5) ---- Heavy Phase Cannon Peak State ------------ > --- POWER ------------ (None) > --- PROPULSION ------- Carbon-fiber Leg Carbon-fiber Leg Gyrokinetic Inverter Gyrokinetic Inverter > --- UTILITY ---------- Advanced Heat Sink Advanced Heat Sink Advanced ECM Suite Improved Weapon Shielding Hacking Suite > --- WEAPON ----------- Heavy Laser Autogun > --- INVENTORY -------- VTOL Module Advanced Power Amplifier Heavy Phase Cannon Matter Neutralizer Mining Laser [Rating: 46] Favorites ----------- Power Light Ion Engine Engine Light Ion Engine Power Core Micro Fission Core Propulsion Aluminum Leg Leg Aluminum Leg Wheel Compact Wheel Hover Unit Gyrokinetic Inverter Flight Unit VTOL Module Utility Hacking Suite Device Advanced ECM Suite Storage Small Storage Unit Processor Improved Targeting Computer Hackware Hacking Suite Protection Improved Weapon Shielding Weapon Autogun Energy Gun Precision Beam Rifle Energy Cannon Ion Cannon Ballistic Gun Autogun Launcher Proton Missile Launcher Special Weapon Mining Laser Build | -11 -10 -9 -9 -8 -7 -6 -5 -4 ------- Run | Jun Mat Mat Min Mat Fac Fac Fac Fac Slots Evolved 12 | . . 2 . 2 2 2 2 2 Power 2 | . . 1 . . . . 1 . Propulsion 2 | . . 1 . 1 . . . . Utility 7 | . . . . 1 2 2 1 1 Weapon 1 | . . . . . . . . 1 Parts Attached 63 | 9 5 6 4 15 4 1 16 3 Power 13 | 1 . 1 3 6 . . 2 . Engine 12 | 1 . 1 3 6 . . 1 . Core 1 | . . . . . . . 1 . Reactor . | . . . . . . . . . Propulsion 17 | 4 2 3 1 3 . . 4 . Treads . | . . . . . . . . . Leg 9 | 2 . 1 1 3 . . 2 . Wheel 2 | 2 . . . . . . . . Hover 2 | . . . . . . . 2 . Flight 4 | . 2 2 . . . . . . Utility 13 | 1 2 . . 2 3 1 3 1 Device 8 | . 1 . . . 3 1 2 1 Storage 1 | 1 . . . . . . . . Processor 1 | . 1 . . . . . . . Hackware 2 | . . . . 2 . . . . Protection 1 | . . . . . . . 1 . Artifact . | . . . . . . . . . Weapon 20 | 3 1 2 . 4 1 . 7 2 Energy Gun 5 | 1 1 . . 1 . . 2 . Energy Cannon 4 | . . . . 1 . . 2 1 Ballistic Gun 9 | 2 . 2 . 2 . . 3 . Ballistic Cannon . | . . . . . . . . . Launcher 1 | . . . . . 1 . . . Special Weapon 1 | . . . . . . . . 1 Impact Weapon . | . . . . . . . . . Slashing Weapon . | . . . . . . . . . Piercing Weapon . | . . . . . . . . . Special Melee Weapon . | . . . . . . . . . Unidentified Prototypes 1 | . . . . 1 . . . . Corrupted Parts 5 | . . 1 . 1 . . 3 . System Corruption 12 | . . 1 . 3 . . 8 . Parts Lost 36 | . . 2 1 4 . . 24 5 Power 7 | . . . . 3 . . 4 . Propulsion 9 | . . 2 . 1 . . 6 . Utility 11 | . . . 1 . . . 7 3 Weapon 9 | . . . . . . . 7 2 Highest Loss Streak 15 | . . 2 1 2 . . 15 5 To Critical Strikes . | . . . . . . . . . Average Slot Usage (%) 72 | . 98 87 75 80 98 86 52 38 Engine 13 | . 14 22 22 15 15 13 4 . Leg 15 | . 14 5 11 26 30 26 10 . Hover 1 | . . . . . . . 2 10 Flight 2 | . 13 15 . . . . . . Device 4 | . 6 . . . 13 13 12 4 Storage 7 | . 14 11 11 9 7 6 1 . Processor 2 | . 5 11 8 . . . . . Hackware 6 | . . . . 11 15 13 7 5 Energy Gun 4 | . 14 5 . 6 . . 2 . Energy Cannon 1 | . . . . 1 7 6 2 4 Ballistic Gun 10 | . 14 16 22 9 6 . 2 3 Naked Turns . | . . . . . . . . . Heaviest Build 34 | 11 12 17 28 28 28 31 34 20 Greatest Support 47 | 32 20 12 20 47 47 47 47 11 Greatest Overweight (x) 4 | . 1 1 2 1 . . 4 1 Average Overweight (x) . | . . 1 1 . . . . 1 Largest Inventory Capacity 8 | 8 8 8 8 8 8 8 8 5 Average Capacity 7 | 6 8 8 8 8 8 8 6 5 Most Carried 8 | 5 5 6 6 8 6 6 5 2 Average Carried 3 | 2 3 2 4 5 4 5 2 . Final Capacity 8 | 8 8 8 8 8 8 8 5 5 Final Carried 7 | 3 4 6 5 7 5 5 3 1 Class Distribution -------------------- 46% | Hacker-Mutant 36% | Mutant 13% | Scavenger-Mutant 3% | Hacker-Tank Dominant Class ---------------- Mutant | -10/Materials Mutant | -9/Materials Mutant | -9/Mines Hacker-Mutant | -8/Materials Hacker-Mutant | -7/Factory Hacker-Mutant | -6/Factory Hacker-Mutant | -5/Factory Hacker-Tank | -4/Factory Resources | -11 -10 -9 -9 -8 -7 -6 -5 -4 ----------- Run | Jun Mat Mat Min Mat Fac Fac Fac Fac Matter Collected 1124 | 198 . 161 135 370 . . 260 . Remotely . | . . . . . . . . . Salvage Created 1810 | . . 123 135 691 . . 861 . Parts 92 | . . 10 9 40 . . 33 . Haulers Intercepted . | . . . . . . . . . Recyclers Shooed 3 | . . . . 1 . . 2 . Parts Field Recycled . | . . . . . . . . . Retrieved Matter . | . . . . . . . . . Parts Self-Destructed . | . . . . . . . . . Prevented . | . . . . . . . . . Kills | -11 -10 -9 -9 -8 -7 -6 -5 -4 ------- Run | Jun Mat Mat Min Mat Fac Fac Fac Fac Combat Hostiles Destroyed 36 | . . 5 5 13 . . 13 . Guns 25 | . . 4 5 13 . . 3 . Cannons 4 | . . . . . . . 4 . AOE 7 | . . 1 . . . . 6 . Classes Destroyed 10 | . . 2 2 5 . . 1 . Worker 1 | . . . . 1 . . . . Builder 2 | . . . . 1 . . 1 . Recycler 2 | . . . . 2 . . . . Watcher 2 | . . . . 2 . . . . Swarmer 19 | . . 4 3 6 . . 6 . Grunt 9 | . . . 1 2 . . 6 . Brawler 1 | . . . 1 . . . . . Duelist 1 | . . . . . . . 1 . Sentry 4 | . . 1 . 3 . . . . Hunter 2 | . . . . 2 . . . . Best Kill Streak 6 | . . 3 3 5 . . 6 . Combat Bots Only 6 | . . 3 3 4 . . 6 . Max Kills in Single Turn 2 | . . 1 1 2 . . 2 . Gunslinging 1 | . . . . 1 . . . . Exploded 2 | . . 1 . . . . 2 . Melee . | . . . . . . . . . Uniques/NPCs Destroyed . | . . . . . . . . . Combat | -11 -10 -9 -9 -8 -7 -6 -5 -4 -------- Run | Jun Mat Mat Min Mat Fac Fac Fac Fac Damage Taken 3852 | . . 224 120 648 1 . 2445 414 Core 961 | . . 22 16 77 . . 666 180 Absorbed by Shields 20 | . . . . . . . . 20 Redirected to Shielding 103 | . . . . . . . 75 28 Core Remaining (%) 87 | 100 100 . 90 86 100 100 33 . Volleys Fired 123 | . . 14 10 49 2 . 48 . Largest 2 | . . 2 2 2 2 . 2 . Hottest 149 | . . 63 46 84 99 . 149 . Shots Fired 218 | . . 28 20 98 3 . 69 . Gun 189 | . . 28 20 98 . . 43 . Cannon 23 | . . . . . 2 . 21 . Launcher 6 | . . . . . 1 . 5 . Special . | . . . . . . . . . Kinetic 118 | . . 16 20 49 . . 33 . Thermal 81 | . . . . 49 2 . 30 . Explosive . | . . . . . . . . . Electromagnetic 19 | . . 12 . . 1 . 6 . Robot Hit Streak 24 | . . 6 5 24 2 . 15 . Robot Miss Streak 3 | . . 1 1 3 1 . 2 . Penetration Max . | . . . . . . . . . Secondary Targets 5 | . . . 2 3 . . . . Max Gunslinging Chain 1 | . . . 1 1 . . . . Shots Hit Robots 160 | . . 20 15 76 2 . 47 . Core Hits 81 | . . 6 7 32 2 . 34 . Critical Kills . | . . . . . . . . . Critical Parts Destroyed . | . . . . . . . . . Critical Strikes 4 | . . . . 3 . . 1 . Burn 3 | . . . . 3 . . . . Corrupt 1 | . . . . . . . 1 . Melee Attacks . | . . . . . . . . . Impact . | . . . . . . . . . Slashing . | . . . . . . . . . Piercing . | . . . . . . . . . Sneak Attacks . | . . . . . . . . . Combat Hostiles . | . . . . . . . . . Follow-up Attacks . | . . . . . . . . . Damage Inflicted 3182 | . . 234 221 1164 33 . 1530 . Guns 2077 | . . 188 220 1159 . . 510 . Cannons 368 | . . . . . . . 368 . Explosions 729 | . . 46 . . 31 . 652 . Melee . | . . . . . . . . . Ramming 8 | . . . 1 5 2 . . . Kinetic 1144 | . . 89 220 496 . . 339 . Thermal 1223 | . . 46 . 663 . . 514 . Explosive . | . . . . . . . . . Electromagnetic 807 | . . 99 . . 31 . 677 . Impact . | . . . . . . . . . Slashing . | . . . . . . . . . Piercing . | . . . . . . . . . Highest Corruption 13 | . . 2 3 3 . . 13 . Average Corruption 3 | . . 1 2 3 . . 8 . Corruption Purged . | . . . . . . . . . Corruption Blocked . | . . . . . . . . . Effects 31 | . . 1 6 10 . . 14 . Message Errors 5 | . . 1 . 2 . . 2 . Matter Fused 9 | . . . 3 1 . . 5 . Heat Flow Errors 4 | . . . . 1 . . 3 . Energy Discharges 4 | . . . 1 2 . . 1 . Data Loss (minor) 3 | . . . . 3 . . . . Data Loss (major) 1 | . . . 1 . . . . . Alerts 3 | . . . 1 1 . . 1 . Weapon Failures 2 | . . . . . . . 2 . Overload Shots . | . . . . . . . . . Overflow Damage 13 | . . . . . . . 13 . Projectiles 13 | . . . . . . . 13 . Explosions . | . . . . . . . . . Melee . | . . . . . . . . . Knockbacks . | . . . . . . . . . Impact . | . . . . . . . . . Kinetic . | . . . . . . . . . Secondary . | . . . . . . . . . Self-Inflicted Damage 4 | . . . . . 1 . 3 . Shots 2 | . . . . . 1 . 1 . Rammed . | . . . . . . . . . Targets Rammed 3 | . . . 1 1 1 . . . Kicked 3 | . . . 1 1 1 . . . Crushed . | . . . . . . . . . Highest Temperature 299 | . . 159 36 299 . . 238 . Average Temperature 90 | . . 58 15 112 . . 52 . Received Heat Transfer 942 | . . 45 18 117 . . 603 159 Effects 4 | . . . . 4 . . . . Interference 4 | . . . . 4 . . . . Siege Activations . | . . . . . . . . . Robots Corrupted . | . . . . . . . . . Combat Hostiles . | . . . . . . . . . Parts Fried 3 | . . . . . . . 3 . Impact Corruptions . | . . . . . . . . . Robots Melted . | . . . . . . . . . Combat Hostiles . | . . . . . . . . . Parts Melted 2 | . . . . 2 . . . . Heat Transferred 2696 | . . 50 . 1665 . . 981 . Parts Sabotaged . | . . . . . . . . . Parts Stolen . | . . . . . . . . . Parts Stripped . | . . . . . . . . . Power Chain Reactions 1 | . . 1 . . . . . . Missiles Intercepted . | . . . . . . . . . Alert | -11 -10 -9 -9 -8 -7 -6 -5 -4 ------- Run | Jun Mat Mat Min Mat Fac Fac Fac Fac Peak Influence 321 | . . 177 168 255 81 33 321 74 Initial 66 | . . . 58 . 66 33 13 44 Average 106 | . . 125 104 112 67 33 162 45 Maximum Alert Level 1 | . . . . 1 . . 1 . Low Security (%) 89 | 100 100 100 100 90 100 100 69 100 Level 1 10 | . . . . 9 . . 30 . Level 2 . | . . . . . . . . . Level 3 . | . . . . . . . . . Level 4 . | . . . . . . . . . Level 5 . | . . . . . . . . . High Security . | . . . . . . . . . Max Security . | . . . . . . . . . Squads Dispatched 5 | . . . . 2 . . 3 . Investigation . | . . . . . . . . . Extermination 1 | . . . . . . . 1 . Reinforcement 2 | . . . . . . . 2 . Assault . | . . . . . . . . . Garrison 2 | . . . . 2 . . . . Intercept . | . . . . . . . . . Searches Triggered . | . . . . . . . . . Construction Impeded 1 | . . . . . . . 1 . Haulers Reinforced . | . . . . . . . . . Active Scanning Responses . | . . . . . . . . . Cargo Convoy Interrupts . | . . . . . . . . . Stealth | -11 -10 -9 -9 -8 -7 -6 -5 -4 --------- Run | Jun Mat Mat Min Mat Fac Fac Fac Fac Distress Signals 5 | . . . . 1 2 . 2 . Communications Jammed . | . . . . . . . . . Distress Signals . | . . . . . . . . . Times Spotted 77 | . . 10 5 17 3 . 32 10 Peak Tracking Total 13 | . . 6 2 4 6 . 13 10 Tactical Retreats 7 | . . 2 . . . . 4 1 Traps | -11 -10 -9 -9 -8 -7 -6 -5 -4 ------- Run | Jun Mat Mat Min Mat Fac Fac Fac Fac Traps Triggered 3 | . . 1 . 1 . . 1 . Indirectly . | . . . . . . . . . Trap Hack Attempts . | . . . . . . . . . Triggered . | . . . . . . . . . Disarmed . | . . . . . . . . . Reprogrammed . | . . . . . . . . . Reused . | . . . . . . . . . Traps Extracted . | . . . . . . . . . Installed . | . . . . . . . . . Triggered . | . . . . . . . . . Machines | -11 -10 -9 -9 -8 -7 -6 -5 -4 ---------- Run | Jun Mat Mat Min Mat Fac Fac Fac Fac Machines Disabled 7 | . . . . . . . 7 . Max in Single Turn 2 | . . . . . . . 2 . Machines Repaired . | . . . . . . . . . Machines Sabotaged . | . . . . . . . . . Overloaded Fab Kills . | . . . . . . . . . Hacking | -11 -10 -9 -9 -8 -7 -6 -5 -4 --------- Run | Jun Mat Mat Min Mat Fac Fac Fac Fac Machines Accessed 5 | . 1 . . 3 . . 1 . Terminals 5 | . 1 . . 3 . . 1 . Fabricators . | . . . . . . . . . Repair Stations . | . . . . . . . . . Recycling Units . | . . . . . . . . . Scanalyzers . | . . . . . . . . . Garrison Access . | . . . . . . . . . Total Hacks 15 | . 2 . . 12 . . 1 . Successful 14 | . 1 . . 12 . . 1 . Failed 1 | . 1 . . . . . . . Catastrophic . | . . . . . . . . . Database Lockouts . | . . . . . . . . . Manual . | . . . . . . . . . Terminals 15 | . 2 . . 12 . . 1 . Fabricators . | . . . . . . . . . Repair Stations . | . . . . . . . . . Recycling Units . | . . . . . . . . . Scanalyzers . | . . . . . . . . . Garrison Access . | . . . . . . . . . Terminal Hacks 14 | . 1 . . 12 . . 1 . Record 6 | . 1 . . 5 . . . . Emergency Access Points 1 | . . . . 1 . . . . Alert Level 2 | . . . . 2 . . . . Locate Traps 2 | . . . . 2 . . . . Dispatch Records 1 | . . . . 1 . . . . Investigation Status 1 | . . . . 1 . . . . Zone Layout 1 | . . . . . . . 1 . Fabricator Hacks . | . . . . . . . . . Repair Station Hacks . | . . . . . . . . . Recycling Unit Hacks . | . . . . . . . . . Scanalyzer . | . . . . . . . . . Garrison Access Hacks . | . . . . . . . . . Unauthorized Hacks . | . . . . . . . . . Terminals . | . . . . . . . . . Fabricators . | . . . . . . . . . Repair Stations . | . . . . . . . . . Recycling Units . | . . . . . . . . . Scanalyzers . | . . . . . . . . . Garrison Access . | . . . . . . . . . Data Cores Recovered . | . . . . . . . . . Used . | . . . . . . . . . Hacking Detections 1 | . 1 . . . . . . . Full Trace Events . | . . . . . . . . . Feedback Events . | . . . . . . . . . Feedback Blocked . | . . . . . . . . . Robot Schematics Acquired . | . . . . . . . . . Robots Built . | . . . . . . . . . Authchips . | . . . . . . . . . Time . | . . . . . . . . . Total Robot Build Rating . | . . . . . . . . . Part Schematics Acquired . | . . . . . . . . . Parts Built . | . . . . . . . . . Authchips . | . . . . . . . . . Time . | . . . . . . . . . Total Part Build Rating . | . . . . . . . . . Parts Repaired . | . . . . . . . . . Time . | . . . . . . . . . Parts Recycled . | . . . . . . . . . Recycled Matter . | . . . . . . . . . Retrieved Matter . | . . . . . . . . . Retrieved Components . | . . . . . . . . . Parts Scanalyzed . | . . . . . . . . . Part Schematics Acquired . | . . . . . . . . . Parts Damaged . | . . . . . . . . . Bothacking | -11 -10 -9 -9 -8 -7 -6 -5 -4 ------------ Run | Jun Mat Mat Min Mat Fac Fac Fac Fac Used RIF Installer . | . . . . . . . . . Robots Hacked . | . . . . . . . . . Non-combat . | . . . . . . . . . Combat . | . . . . . . . . . Robot Hacks Applied . | . . . . . . . . . Relay Couplers Released . | . . . . . . . . . Fabnet Peak Effective % . | . . . . . . . . . Robots Rewired . | . . . . . . . . . Allies Hacked . | . . . . . . . . . Hacks Repelled . | . . . . . . . . . Allies | -11 -10 -9 -9 -8 -7 -6 -5 -4 -------- Run | Jun Mat Mat Min Mat Fac Fac Fac Fac Total Allies . | . . . . . . . . . Largest Group . | . . . . . . . . . Highest-Rated Group . | . . . . . . . . . Highest-Rated Ally . | . . . . . . . . . Total Orders . | . . . . . . . . . Ally Attacks . | . . . . . . . . . Total Damage . | . . . . . . . . . Kills . | . . . . . . . . . Allies Corrupted . | . . . . . . . . . Allies Melted . | . . . . . . . . . Intel | -11 -10 -9 -9 -8 -7 -6 -5 -4 ------- Run | Jun Mat Mat Min Mat Fac Fac Fac Fac Robot Analysis Total . | . . . . . . . . . Derelict Logs Recovered . | . . . . . . . . . Drone Launches . | . . . . . . . . . Drone Recoveries . | . . . . . . . . . Exploration | -11 -10 -9 -9 -8 -7 -6 -5 -4 ------------- Run | Jun Mat Mat Min Mat Fac Fac Fac Fac Turns Passed 2401 | 108 142 182 403 723 69 36 605 133 Spaces Moved 1372 | 71 108 88 145 430 53 33 356 88 Core 43 | 4 . . . . . . 39 . Treads . | . . . . . . . . . Legs 1039 | 59 52 39 145 430 53 33 228 . Wheels 8 | 8 . . . . . . . . Hover 177 | . . . . . . . 89 88 Flight 105 | . 56 49 . . . . . . Fastest Speed 50 | 50 112 109 190 100 105 105 50 110 Average Speed 130 | 113 115 144 249 111 105 105 119 110 Slowest Speed 270 | 120 120 190 260 190 105 105 270 110 Overloaded Moves . | . . . . . . . . . Propulsion Burnouts . | . . . . . . . . . Robots Hopped . | . . . . . . . . . Cave-ins Triggered . | . . . . . . . . . Exploration Rate (%) 11 | 4 17 11 26 33 2 1 7 3 Regions Visited 8 Branch Regions 1 Pre-discovered Areas . | . . . . . . . . . Known Exits Taken . | . . . . . . . . . Unknown Exits Taken 8 | 1 1 1 1 1 1 1 1 . Scrap Searched . | . . . . . . . . . Spaces Dug . | . . . . . . . . . Terrain Destroyed 2 | . . 2 . . . . . . Melee . | . . . . . . . . . Projectile . | . . . . . . . . . AOE 2 | . . 2 . . . . . . Terrain Rammed . | . . . . . . . . . Walls Destroyed . | . . . . . . . . . Machines Disabled . | . . . . . . . . . Actions | -11 -10 -9 -9 -8 -7 -6 -5 -4 --------- Run | Jun Mat Mat Min Mat Fac Fac Fac Fac Total 1815 | 101 130 121 170 597 65 34 473 124 Wait 130 | 4 . . . 60 . . 34 32 Move 1364 | 70 107 87 144 429 52 32 355 88 Hop . | . . . . . . . . . Pick Up 75 | 12 8 7 4 24 2 1 16 1 Fast Attach . | . . . . . . . . . Attach 63 | 9 5 6 4 15 4 1 16 3 Detach 22 | 3 4 4 3 5 2 . 1 . Swap . | . . . . . . . . . Drop 35 | 3 6 3 4 14 2 . 3 . Fire 123 | . . 14 10 49 2 . 48 . Melee . | . . . . . . . . . Ram . | . . . . . . . . . Kick 3 | . . . 1 1 1 . . . Crush . | . . . . . . . . . Escape Stasis . | . . . . . . . . . Rewire . | . . . . . . . . . Trap . | . . . . . . . . . Miscellaneous . | . . . . . . . . . Route ------- -11/Junkyard -10/Materials -9/Materials -9/Mines -8/Materials -7/Factory -6/Factory -5/Factory -4/Factory History --------- Turn | Location | Event 16 | -11/Junkyard | Discovered new exit (range 16) 109 | -11/Junkyard | Entered Materials 147 | -10/Materials | Discovered new exit (range 14) 251 | -10/Materials | Entered another Materials area 251 | -9/Materials | Evolved 2 slots: Power x1, Propulsion x1 311 | -9/Materials | Build established: Mutant 316 | -9/Materials | Discovered new exit (range 16) 433 | -9/Materials | Entered Mines 825 | -9/Mines | Discovered new exit (range 8) 836 | -9/Mines | Entered Materials 836 | -8/Materials | Evolved 2 slots: Propulsion x1, Utility x1 1279 | -8/Materials | Build established: Hacker-Mutant 1374 | -8/Materials | Garrison activated, responded to threat 1534 | -8/Materials | Discovered new exit (range 15) 1559 | -8/Materials | Entered Factory 1559 | -7/Factory | Evolved 2 slots: Utility x2 1609 | -7/Factory | Discovered new exit (range 5) 1628 | -7/Factory | Entered another Factory area 1628 | -6/Factory | Evolved 2 slots: Utility x2 1641 | -6/Factory | Discovered new exit (range 15) 1664 | -6/Factory | Entered another Factory area 1664 | -5/Factory | Evolved 2 slots: Power x1, Utility x1 1903 | -5/Factory | Lost 15 parts (3p4n4u4w) 1942 | -5/Factory | Core integrity fell below 50% 2245 | -5/Factory | System corruption reached 10% 2261 | -5/Factory | Discovered new exit (range 13) 2269 | -5/Factory | Entered another Factory area 2269 | -4/Factory | Evolved 2 slots: Utility x1, Weapon x1 2298 | -4/Factory | Lost 7 parts (1p2n3u1w) 2402 | -4/Factory | Self-destructed Last Messages --------------- PARAMETERS=UTILITY+1,WEAPON+1 LOCATION=UNKNOWN GOAL=ESCAPE 02278_ K-01 Serf pushes H-77 Assassin. 02343_ Connecting with Recycling Unit... 02343_ Current location identified: Factory 02369_ ALERT: All DSF locations entering lockdown mode. 02374_ Imp. Weapon Shielding destroyed. 02374_ Autogun destroyed. 02386_ Mining Laser destroyed. 02388_ Penetrated by Slug. 02392_ Acquired Hvy. Phase Cannon. 02394_ Penetrated by Slug. 02397_ Slug penetrates Wall. 02399_ Penetrated by Slug. 02402_ Slug penetrates Wall. 02402_ Imp. Shield Generator destroyed. 02402_ Hacking Suite destroyed. 02402_ Critical hit (Burn: +37). 02402_ Penetrated by Slug. Map ----- +----------------------------------------------------+ | ?????????????????????????????? | | ?????????????????????????????? | | ?????????????????????????????? | | ?????????????????????????????? | | ?????????????????????????????? | | ?????????????????????????????? | | ?????????????????????????????? | | ?????????????????????????????? | | ?????????????????????????????? | | ?????????????????????????????? | | ?????????????????????????????? | | ?????????????????????????????? | | ?????????????????????????????? | | ?????????????????????????????? | | ?????????????????????????????? | | ?????????????????????????????? | | ?????????????????????????????? | | ?????????????????????????????? | | ?????????????????????????????? | | ???????????????????????#?????? | | ???????????????????????# ????? | | ???????????????????????# ????? | | ??????????? ???????????# ????? | | ??????????# ??????????##;####? | | ??????????# ###???????#!!! #? | | ??????????+ ???????#!!@ ## | | ??????????# ???????#b! Y# | | ??????????# ???????#gYg #? | | ??????????# ???????##/####? | | ??????????# #???????#g#???? | | ??????????# #???????#g#???? | | ??????????# +???????# #???? | | ??????????# #???????#g#???? | | ??????????# ######### #???? | | ####### #???? | | #???? | | #???? | | ????##########+######## #???? | | ????????# #???# #???? | | ????????# #???# #???? | | ????????# #???# #???? | | ????????# #???# #???? | | ????????# #???# #???? | | ????????# #???# #???? | | ????????# #???# #???? | | ????????# #???# #???? | | ???????##########/#???? #???? | | ???????# # ##### ##??? | | ???????# " # #??? | | ???????# "G" + #??? | +----------------------------------------------------+ Best States ------------- Heat Dissipation 78 Energy Generation 21 Energy Capacity 430 Matter Stores 300 Matter Capacity 300 Sight Range 16 Terrain Scan Density 10 ECM Strength 2 Resistance: KI 20 Resistance: TH 20 Resistance: EX 20 Resistance: EM 20 Resistance: I 20 Resistance: S 20 Resistance: P 20 Weapon Shielding 66 Evasion (%) 55 Targeting Accuracy 6 Offensive Hacking 30 Item Schematics ----------------- None Robot Schematics ------------------ None Fabricated ------------ Nothing Alien Tech Used ----------------- None Achievements -------------- None Challenges ------------ None Game ------ Seed EnergyArcAmplifier Manual? 0 Play Time 00:46:57 Cumulative 11.1 hours Start 2023.04.28 @ 05:39:11 End 2023.04.28 @ 06:25:46 Sessions 1 Manual Loads 0 Difficulty Adventurer Special Mode None Game No. 9 Rogue 2 Adventurer 7 Explorer 0 Win Type - Total 0 Types 0/0/0/0/0/0/0/0/0 Lore% 9 Gallery% 18 Achievement% 12 Wizard Run 0 Options --------- ASCII 0 Keyboard 1 Movement Numpad Keybinds 0 Fullscreen 1 Font 24/Smallcaps Map View 113x50 Tactical HUD 1 Map Filters NONE Filters NONE Steam 1 RUN: 734844ea-dc69-4008-80f8-e79d4f8979f9